 Dungeon Crawl Stone Soup version 0.25.1-2-g60ff931df9 (webtiles) character file.

Game seed: 3934433528947715967

21 Acheron the Cutter (level 3, -5/22 HPs)
             Began as a Kobold Skald on Oct 18, 2020.
             Killed from afar by Natasha (8 damage)
             ... with a magic dart
             ... on level 2 of the Dungeon.
             The game lasted 00:06:13 (1062 turns).

Acheron the Cutter (Kobold Skald)                   Turns: 1062, Time: 00:06:26

Health: -5/22      AC:  3    Str:  8    XL:     3   Next: 5%
Magic:  1/6        EV: 14    Int: 15    God:
Gold:   48         SH:  0    Dex: 14    Spells: 1/6 levels left

rFire    . . .     SeeInvis .   a - +0 short sword
rCold    . . .     Gourm    .   (shield restricted)
rNeg     . . .     Faith    .   b - +0 leather armour
rPois    .         Spirit   .   (no helmet)
rElec    .         Reflect  .   (no cloak)
rCorr    .         Harm     .   (no gloves)
MR       .....                  (no boots)
Stlth    +.........             (no amulet)
HPRegen  0.07/turn              (no ring)
MPRegen  0.10/turn              (no ring)

@: slowed, very slow
A: small, carnivore
a: no special abilities


You were on level 2 of the Dungeon.
You were completely stuffed.

You visited 1 branch of the dungeon, and saw 2 of its levels.

You collected 48 gold pieces.

Inventory:

Hand Weapons
 a - a +0 short sword (weapon)
Armour
 b - a +0 leather armour (worn)
Scrolls
 e - 3 scrolls of identify {unknown}
 g - 2 scrolls of remove curse {unknown}
 h - a scroll of magic mapping {unknown}
Potions
 f - a potion of magic {unknown}
Comestibles
 c - a chunk of flesh
 d - 3 rations


   Skills:
 * Level 2.3 Fighting
 * Level 3.6 Short Blades
 + Level 0.7 Armour
 * Level 2.7 Dodging
 * Level 0.1 Stealth
 + Level 2.2 Spellcasting
 + Level 2.5 Charms


You had one spell level left.
You knew the following spells:

 Your Spells              Type           Power        Failure   Level  Hunger
a - Infusion              Chrm           #...         11%         1    #......
b - Song of Slaying       Chrm           #.......     16%         2    ###....
c - Shroud of Golubria    Chrm/Tloc      #.....       26%         2    ###....

Your spell library contained the following spells:

 Spells                   Type           Power        Failure   Level  Hunger
 Ozocubu's Armour         Chrm/Ice       #.......     47%         3    ###....
 Spectral Weapon          Hex/Chrm       #.......     47%         3    ###....


Dungeon Overview and Level Annotations

Branches:
Dungeon (2/15)

Altars:

Annotations:
D:1 exclusion: downstairs
D:2 Natasha


Innate Abilities, Weirdness & Mutations

You are small and have problems with some larger weapons.
You are carnivorous and can eat meat at any time.


Message History

Natasha is lightly wounded.
Natasha mumbles some strange words.
You feel troubled. Natasha barely misses you.
You hit Natasha.
Natasha is moderately wounded.
Your shroud unravels.
Natasha stares at you and mumbles some strange words.
You feel yourself slow down.
You barely miss Natasha.
Natasha is moderately wounded.
Natasha claws you.
You hit Natasha.
Natasha is heavily wounded.
You are no longer magically infusing your attacks.
Natasha claws you!
* * * LOW HITPOINT WARNING * * *
Natasha casts a spell at you. The magic dart hits you!
You die...

..... .....
..... ....#
.....##.#.#
..........
#........
#..†.# +...<#
#.##....#
.......@#
#.##...h#
#........
#..#......
...........
#..#..#.#...
#..#..#.#....
##
#######....


You could see Natasha.

Vanquished Creatures
  A leopard gecko (D:1)
  2 giant cockroaches (D:1)
  4 goblins (D:1)
  2 hobgoblins
  A quokka (D:2)
  2 bats (D:1)
  A frilled lizard (D:1)
  3 kobolds (D:1)
  2 rats (D:1)
18 creatures vanquished.

Notes
Turn   | Place    | Note
-------+----------+-------------------------------------------
     0 | D:1      | Acheron the Kobold Skald began the quest for the Orb.
     0 | D:1      | Reached XP level 1. HP: 12/12 MP: 3/3
    40 | D:1      | Reached skill level 3 in Short Blades
   150 | D:1      | Reached XP level 2. HP: 16/17 MP: 0/5
   818 | D:2      | Learned a level 2 spell: Song of Slaying
   944 | D:2      | Noticed Natasha
   945 | D:2      | Reached XP level 3. HP: 15/22 MP: 4/6
  1050 | D:1      | Learned a level 2 spell: Shroud of Golubria
  1062 | D:2      | Killed from afar by Natasha

Illustrated notes

Levels and vault maps discovered:
D:1:      shiori_arrival_oz, layout_loops_ring, ebering_dispersal_statue_hall
D:2:      layout_basic, nicolae_overflow_hidden_temple, first_ration,
          uniq_crazy_yiuf_cottage, uniq_natasha

Skill      XL: |  1 |
---------------+----+-----
Short Blades   | 3 |  3.6
Fighting       | |  2.3
Armour         | |  0.7
Dodging        | |  2.7
Stealth        | |  0.1
Spellcasting   | |  2.2
Charms         | |  2.5

Action                   || total
-------------------------++-------
Melee: Short sword       ||    70
 Cast: Infusion          ||    10
       Shroud of Golubri ||     1
  Eat: Chunk             ||     9
Armor: Leather armour    ||     9
Dodge: Dodged            ||    45
